 Dungeon Sprint DCSS version 0.23.2-40-g277498a001 (webtiles) character file.

Game seed: 10564867965144080526

7462 Cryoshakespeare the Unseen (level 10, -27/76 HPs)
             Began as a Vampire Assassin on Sept 23, 2019.
             Was an Elder of Uskayaw.
             Annihilated by an orc warrior
             ... wielding a +0 trident
              (32 damage)
             ... in the Dungeon (Sprint IX: "|||||||||||||||||||||||||||||").
             The game lasted 00:12:22 (5488 turns).

Cryoshakespeare the Unseen (Vampire Assassin)       Turns: 5488, Time: 00:12:22

Health: -27/76     AC:  8    Str: 10    XL:     10   Next: 94%
Magic:  14/18      EV: 28    Int: 14    God:    Uskayaw [****..]
Gold:   577        SH:  0    Dex: 19    Spells: 9/9 levels left

rFire    + . .     SeeInvis +   x - +2 rapier (elec)
rCold    + . .     Gourm    .   (no shield)
rNeg     + + .     Faith    .   y - +2 robe {rF+}
rPois    +         Spirit   .   A - +0 helmet
rElec    .         Reflect  .   d - +0 cloak
rCorr    .         Harm     .   t - +0 pair of gloves
MR       +....     NoTele   +   z - +0 pair of boots
Stlth    ++++++++..             (no amulet)
HPRegen  0.11/turn              r - +2 ring of evasion
MPRegen  0.16/turn              s - +2 ring of evasion

@: regenerating slowly
A: fangs 3, see invisible, unbreathing
a: Bat Form, Stomp, Line Pass, Renounce Religion


You were in the Dungeon.
You worshipped Uskayaw.
Uskayaw was aware of your devotion.
You were near bloodless.

You visited 1 branch You collected 577 gold pieces.

Inventory:

Hand Weapons
 a - a +2 dagger
 b - a +0 blowgun
 x - a +2 rapier of electrocution (weapon)
Missiles
 e - 8 poisoned needles
 f - 2 curare-tipped needles
Armour
 d - a +0 cloak (worn)
 t - a +0 pair of gloves (worn)
 y - a +2 robe of fire resistance (worn)
 z - a +0 pair of boots (worn)
 A - a +0 helmet (worn)
Jewellery
 r - a +2 ring of evasion (left hand)
 s - a +2 ring of evasion (right hand)
Wands
 p - a wand of iceblast (10)
Scrolls
 i - a scroll of fear
 m - 3 scrolls of blinking
 n - 3 scrolls of remove curse
 o - 2 scrolls of amnesia
 u - 2 scrolls of enchant weapon
 v - a scroll of fog
 w - a scroll of identify
Potions
 h - 6 potions of curing
 j - 3 potions of haste
 k - 4 potions of magic
 l - 2 potions of berserk rage
 q - 18 potions of blood


   Skills:
 + Level 5.7 Fighting
 - Level 14.0 Short Blades
 - Level 1.5 Throwing
 + Level 13.9 Dodging
 + Level 19.3 Stealth
 + Level 11.7 Invocations


You had 9 spell levels left.
You didn't know any spells.
Your spell library contained the following spells:

 Spells                   Type           Power        Failure   Level  Hunger
 Corona                   Hex            #......      28%         1    ##.....
 Ensorcelled Hibernation  Hex/Ice        #.....       41%         2    ###....
 Confuse                  Hex            #.......     65%         3    ####...
 Dazzling Spray           Conj/Hex       #.....       65%         3    ####...
 Tukima's Dance           Hex            #.......     65%         3    ####...


Dungeon Overview and Level Annotations

Branches:
Dungeon (1/1)

Altars:
Cheibriados
Dithmenos
Elyvilon
Fedhas
Gozag
Hepliaklqana
Kikubaaqudgha
Makhleb
Nemelex Xobeh
Okawaru
Qazlal
Ru
Sif Muna
Trog
Uskayaw
Vehumet
Wu Jian
Xom
Yredelemnul
Zin
The Shining One
Beogh
Jiyva
Lugonu


Innate Abilities, Weirdness & Mutations

You heal slowly.
You have razor-sharp teeth.
You have supernaturally acute eyesight. (SInv)
You can survive without breathing.


Message History

The orc warrior barely misses the orc knight.
Unknown command.
You hit the orc warrior.
You kill the orc warrior!
The orc warrior seems less confused.
The orc warrior is no longer sharing its pain.
The orc warrior hits you from afar with a +0 trident!!
* * * LOW HITPOINT WARNING * * *
Unknown command.
You feel much better. The orc warrior completely misses you.
The orc warrior hits you from afar with a +0 trident!!
* * * LOW HITPOINT WARNING * * *
Aiming: Line Pass
Press: ? - help, Dir - move target cursor
Okay, then.
The orc warrior no longer looks unusually strong.
The orc knight is no longer sharing its pain.
The orc warrior hits you with a +0 trident!!
You die...

▓_▓.▓.▓.▓.▓
▓_▓.▓.▓.▓o▓
▓_▓.▓.▓.▓o▓
▓_▓.▓.▓.▓o▓
▓_▓.▓.▓(▓o▓
▓_▓.▓.▓.▓o▓
▓_▓.▓.▓.▓$▓
▓_▓.▓.▓.▓o▓
▓_▓.▓'▓.▓@▓
▓_▓.▓.▓.▓o▓
▓_▓.▓.▓.▓o▓
▓_▓.▓.▓)▓)▓
▓_▓.▓.▓.▓'▓
▓_▓.▓.▓.▓.▓
▓_▓.▓.▓.▓.▓
▓_▓.▓.▓[▓.▓
▓_▓.▓.▓.▓)▓


You could see an orc knight, 6 orc warriors and an orc.

Vanquished Creatures
  Josephine (D)
  A hydra (D)
  2 orc knights (D)
  Joseph (D)
  An elephant (D)
  A black mamba (D)
  A spiny frog (D)
  A rime drake (D)
  2 komodo dragons (D)
  2 polar bears (D)
  A blink frog (D)
  A wyvern (D)
  A basilisk (D)
  3 wraiths (D)
  A steam dragon (D)
  2 water moccasins (D)
  2 porcupines (D)
  6 black bears (D)
  A phantom (D)
  An ice beast (D)
  3 orc warriors (D)
  An ogre (D)
  4 crocodiles (D)
  3 bullfrogs (D)
  A jelly (D)
  6 orc priests (D)
  A hound (D)
  4 orc wizards (D)
  A worker ant (D)
  An adder zombie (D)
  4 orcs (D)
  A bat skeleton (D)
  A hobgoblin (D)
  A kobold (D)
  A ball python skeleton (D)
  A frilled lizard (D)
  A leopard gecko zombie (D)
  3 rats (D)
70 creatures vanquished.

Notes
Turn   | Place    | Note
-------+----------+-------------------------------------------
     0 | D        | Cryoshakespeare the Vampire Assassin began the quest for
                  | the Orb.
     0 | D        | Reached XP level 1. HP: 16/16 MP: 1/1
     5 | D        | Reached skill level 6 in Stealth
  2693 | D        | Reached XP level 2. HP: 20/22 MP: 2/2
  2698 | D        | Reached skill level 7 in Stealth
  2707 | D        | Found a roughly hewn altar of Beogh.
  2707 | D        | Found a snail-covered altar of Cheibriados.
  2707 | D        | Found a shadowy altar of Dithmenos.
  2707 | D        | Found a white marble altar of Elyvilon.
  2707 | D        | Found a blossoming altar of Fedhas.
  2707 | D        | Found an opulent altar of Gozag.
  2708 | D        | Found a hazy altar of Hepliaklqana.
  2709 | D        | Found a viscous altar of Jiyva.
  2710 | D        | Found an ancient bone altar of Kikubaaqudgha.
  2711 | D        | Found a corrupted altar of Lugonu.
  2712 | D        | Found a burning altar of Makhleb.
  2713 | D        | Found a sparkling altar of Nemelex Xobeh.
  2714 | D        | Found an iron altar of Okawaru.
  2715 | D        | Found a stormy altar of Qazlal.
  2716 | D        | Found a sacrificial altar of Ru.
  2717 | D        | Found a deep blue altar of Sif Muna.
  2718 | D        | Found a bloodstained altar of Trog.
  2719 | D        | Found a hide-covered altar of Uskayaw.
  2720 | D        | Found a radiant altar of Vehumet.
  2721 | D        | Found an ornate altar of the Wu Jian Council.
  2722 | D        | Found a shimmering altar of Xom.
  2723 | D        | Found a basalt altar of Yredelemnul.
  2724 | D        | Found a glowing silver altar of Zin.
  2725 | D        | Found a glowing golden altar of the Shining One.
  2727 | D        | Became a worshipper of Uskayaw the Reveler
  3204 | D        | Noticed an ice beast
  3204 | D        | Noticed an ogre
  3204 | D        | Noticed a steam dragon
  3204 | D        | Noticed an orc warrior
  3211 | D        | Reached * piety under Uskayaw
  3212 | D        | Killed an orc warrior
  3212 | D        | Reached skill level 5 in Short Blades
  3212 | D        | Reached skill level 5 in Dodging
  3212 | D        | Reached skill level 9 in Stealth
  3212 | D        | Reached XP level 3. HP: 27/27 MP: 2/5
  3212 | D        | Reached XP level 4. HP: 33/33 MP: 2/6
  3212 | D        | Reached ** piety under Uskayaw
  3216 | D        | Reached *** piety under Uskayaw
  3218 | D        | Reached **** piety under Uskayaw
  3221 | D        | Killed a steam dragon
  3221 | D        | Reached skill level 11 in Stealth
  3221 | D        | Reached skill level 5 in Invocations
  3221 | D        | Reached XP level 5. HP: 38/38 MP: 2/8
  3222 | D        | Reached XP level 6. HP: 35/44 MP: 2/9
  3222 | D        | Reached ***** piety under Uskayaw
  3224 | D        | Reached skill level 12 in Stealth
  3229 | D        | Killed an ice beast
  3283 | D        | Noticed a basilisk
  3326 | D        | Reached XP level 7. HP: 34/49 MP: 7/11
  3341 | D        | Killed a basilisk
  3341 | D        | Reached skill level 13 in Stealth
  3913 | D        | Noticed a seven-headed hydra
  3913 | D        | Noticed a komodo dragon
  3913 | D        | Noticed a blink frog
  3915 | D        | Reached skill level 14 in Stealth
  3916 | D        | Noticed a rime drake
  3921 | D        | Reached skill level 10 in Short Blades
  3921 | D        | Reached XP level 8. HP: 55/55 MP: 13/13
  3927 | D        | Killed a blink frog
  3927 | D        | Reached skill level 10 in Dodging
  3933 | D        | Killed a komodo dragon
  3933 | D        | Reached skill level 15 in Stealth
  3937 | D        | Killed a seven-headed hydra
  3937 | D        | Reached skill level 16 in Stealth
  3937 | D        | Reached XP level 9. HP: 29/61 MP: 15/15
  3944 | D        | Killed a rime drake
  4351 | D        | Noticed a komodo dragon
  4351 | D        | Noticed a spiny frog
  4352 | D        | Noticed a black mamba
  4354 | D        | Noticed an elephant
  4359 | D        | Killed a spiny frog
  4359 | D        | Reached skill level 17 in Stealth
  4359 | D        | Reached skill level 10 in Invocations
  4371 | D        | Killed a black mamba
  4374 | D        | Killed an elephant
  4375 | D        | Killed a komodo dragon
  4375 | D        | Reached XP level 10. HP: 30/67 MP: 12/17
  4798 | D        | Reached skill level 18 in Stealth
  4984 | D        | Noticed Joseph
  4998 | D        | Killed Joseph
  4999 | D        | Noticed Josephine
  5022 | D        | Killed Josephine
  5147 | D        | Reached skill level 19 in Stealth
  5459 | D        | Noticed an orc knight
  5459 | D        | Noticed an orc knight
  5459 | D        | Noticed an orc knight
  5473 | D        | Killed an orc knight
  5473 | D        | Reached skill level 5 in Fighting
  5474 | D        | Killed an orc knight
  5488 | D        | Annihilated by an orc warrior

Skill      XL: |  1  2  3  4  5  6  7  8  9 10 |
---------------+-------------------------------+-----
Stealth        | 6 9 11 12 14 16 17 19 | 19.3
Dodging        | 2 5 6 7 8 9 11 12 13 | 13.9
Short Blades   | 3 5 7 8 10 11 12 14 | 14.0
Invocations    | 3 5 6 7 9 10 11 | 11.7
Fighting       | 5 |  5.7
Throwing       | |  1.5

Action                   |  1- 3 |  4- 6 |  7- 9 | 10-12 || total
-------------------------+-------+-------+-------+-------++-------
Melee: Dagger            |    27 |       |       |       ||    27
       Bite              |     3 |     2 |     7 |    10 ||    22
       Rapier            |     7 |    28 |    51 |   108 ||   194
Invok: Line Pass         |       |     1 |     3 |     3 ||     7
       Grand Finale      |       |       |     1 |     1 ||     2
       Stomp             |       |       |       |     2 ||     2
  Use: Potion            |     2 |     3 |     2 |     4 ||    11
 Stab: Sleeping          |     4 |       |     4 |     1 ||     9
       Invisible         |       |     4 |       |       ||     4
       Paralysed         |       |     2 |     2 |     4 ||     8
       Confused          |       |       |     2 |     1 ||     3
  Eat: Corpse            |     1 |       |       |     1 ||     2
Armor: Robe              |     5 |     5 |     2 |     4 ||    16
Dodge: Dodged            |    15 |    18 |    32 |    77 ||   142
